[Event "Chinese Team-ch Men 2025"]
[Site "Zhang Jiakou Hebei"]
[Date "2025.05.01"]
[Round "7.2"]
[White "Zhao, Chenxi"]
[Black "Zhao, Jun"]
[Result "1/2-1/2"]
[Annotator "ChessBase"]
[ECO "D02"]
[WhiteElo "2453"]
[BlackElo "2532"]
[PlyCount "64"]
[EventDate "2025.04.26"]
[EventType "team-tourn"]
[EventCountry "CHN"]
[SourceTitle "playchess.com"]
[Source "ChessBase"]
[SourceQuality "1"]
[TimeControl "5400+30"]

1. d4 d5 2. Nf3 Nf6 3. Bf4 e6 4. e3 c5 5. c3 Nc6 6. Nbd2 Bd6 7. Bg3 O-O 8. Bd3 b6 9. O-O Bb7 10. Qe2 Re8 11. Ne5 Qc7 12. Nxc6 Bxc6 13. Bxd6 Qxd6 14. dxc5 Qxc5 15. e4 dxe4 16. Nxe4 Bxe4 17. Bxe4 Nxe4 18. Qxe4 Rad8 19. Rad1 Qc7 20. h3 h6 21. a4 Rxd1 22. Rxd1 Rd8 23. Rxd8+ Qxd8 24. Qb7 a5 25. g3 Qd1+ 26. Kg2 Qb3 27. Qa8+ Kh7 28. Qe8 Qd5+ 29. Kg1 Qd1+ 30. Kg2 Qd5+ 31. Kg1 Qd1+ 32. Kg2 Qd5+ 1/2-1/2

[Event "Chinese Team-ch Men 2025"]
[Site "Zhang Jiakou Hebei"]
[Date "2025.05.01"]
[Round "7.3"]
[White "Xiao, Tong"]
[Black "Li, Shilong"]
[Result "1-0"]
[Annotator "ChessBase"]
[ECO "C02"]
[WhiteElo "2496"]
[BlackElo "2406"]
[PlyCount "89"]
[EventDate "2025.04.26"]
[EventType "team-tourn"]
[EventCountry "CHN"]
[SourceTitle "playchess.com"]
[Source "ChessBase"]
[SourceQuality "1"]
[TimeControl "5400+30"]

1. e4 e6 2. d4 d5 3. e5 c5 4. c3 Nc6 5. Nf3 Bd7 6. a3 Nge7 7. Bd3 cxd4 8. cxd4 Nf5 9. Bxf5 exf5 10. Nc3 Be6 11. O-O Be7 12. b4 g5 13. Qd3 f4 14. Nd2 Qd7 15. Nb3 b6 16. Bd2 O-O 17. Rfc1 f6 18. b5 Nd8 19. Na2 Bf5 20. Qe2 fxe5 21. dxe5 Ne6 22. Bb4 f3 23. Qxf3 Be4 24. Qg4 Rf4 25. Qd1 Raf8 26. f3 Rxf3 27. Nd2 Rd3 28. Bxe7 Qxe7 29. Nb4 Rxd2 30. Qxd2 Nf4 31. Nc6 Qe6 32. Rf1 Qg4 33. Rxf4 gxf4 34. Rf1 Rf7 35. h3 Qg6 36. Rxf4 h5 37. e6 Rg7 38. e7 Kh7 39. Rf8 Bxg2 40. e8=Q Qb1+ 41. Qee1 Be4+ 42. Kf1 Qxb5+ 43. Qee2 Qb1+ 44. Qdd1 Bg2+ 45. Ke1 1-0

[Event "Chinese Team-ch Men 2025"]
[Site "Zhang Jiakou Hebei"]
[Date "2025.05.01"]
[Round "7.4"]
[White "Wu, Yixing"]
[Black "Huang, Renjie"]
[Result "1/2-1/2"]
[Annotator "ChessBase"]
[ECO "D02"]
[WhiteElo "2406"]
[BlackElo "2491"]
[PlyCount "66"]
[EventDate "2025.04.26"]
[EventType "team-tourn"]
[EventCountry "CHN"]
[SourceTitle "playchess.com"]
[Source "ChessBase"]
[SourceQuality "1"]
[TimeControl "5400+30"]

1. Nf3 d5 2. g3 Nd7 3. d4 Nb6 4. Bg2 Bf5 5. O-O e6 6. b3 Be7 7. c4 c6 8. Nc3 Nf6 9. Nd2 O-O 10. Bb2 a5 11. e4 dxe4 12. Ndxe4 a4 13. Nxf6+ Bxf6 14. Ne4 Be7 15. Bc3 Nd7 16. Qe2 Nf6 17. Nxf6+ Bxf6 18. Qe3 axb3 19. axb3 Qb6 20. b4 Rfd8 21. Rfd1 h6 22. c5 Qc7 23. h4 Qd7 24. Rxa8 Rxa8 25. Ra1 Qd8 26. Qc1 Bd3 27. Ra2 Ra5 28. Rxa5 Qc8 29. Ra8 Qxa8 30. d5 exd5 31. Bxf6 gxf6 32. Qc3 Bg6 33. Qxf6 Qa3 1/2-1/2

[Event "Chinese Team-ch Men 2025"]
[Site "Zhang Jiakou Hebei"]
[Date "2025.05.01"]
[Round "7.6"]
[White "Xiu, Deshun"]
[Black "Dai, Changren"]
[Result "1/2-1/2"]
[Annotator "ChessBase"]
[ECO "E47"]
[WhiteElo "2516"]
[BlackElo "2527"]
[PlyCount "90"]
[EventDate "2025.04.26"]
[EventType "team-tourn"]
[EventCountry "CHN"]
[SourceTitle "playchess.com"]
[Source "ChessBase"]
[SourceQuality "1"]
[TimeControl "5400+30"]

1. d4 Nf6 2. c4 e6 3. Nc3 Bb4 4. e3 O-O 5. Bd3 Re8 6. Bd2 c5 7. a3 Bxc3 8. Bxc3 cxd4 9. exd4 d5 10. b3 Nbd7 11. Nf3 b6 12. O-O Bb7 13. Re1 Rc8 14. Bb2 Qc7 15. Rc1 Qf4 16. g3 Qd6 17. Bf1 dxc4 18. bxc4 b5 19. c5 Qc6 20. Bg2 Qa6 21. Qe2 Qa4 22. Qd1 Qa6 23. Qe2 Qa4 24. Qd1 Qxd1 25. Rexd1 Bd5 26. Nd2 Bxg2 27. Kxg2 Nb8 28. a4 a6 29. axb5 axb5 30. Ra1 Nc6 31. Nb3 Ra8 32. Rxa8 Rxa8 33. Ra1 Rxa1 34. Bxa1 Nd5 35. Bb2 f5 36. Bc1 Kf7 37. Kf3 Kf6 38. h4 h6 39. Ke2 g5 40. hxg5+ hxg5 41. Bd2 g4 42. f3 Kg6 43. Kf2 Kf7 44. Ke2 Kf6 45. Be1 Kg6 1/2-1/2

[Event "Chinese Team-ch Men 2025"]
[Site "Zhang Jiakou Hebei"]
[Date "2025.05.01"]
[Round "7.7"]
[White "Wang, Shixu B"]
[Black "Zhang, Di"]
[Result "0-1"]
[Annotator "ChessBase"]
[ECO "D38"]
[WhiteElo "2452"]
[BlackElo "2406"]
[PlyCount "120"]
[EventDate "2025.04.26"]
[EventType "team-tourn"]
[EventCountry "CHN"]
[SourceTitle "playchess.com"]
[Source "ChessBase"]
[SourceQuality "1"]
[TimeControl "5400+30"]

1. Nf3 Nf6 2. c4 e6 3. d4 d5 4. Nc3 Bb4 5. Bg5 h6 6. Bxf6 Qxf6 7. Qa4+ Nc6 8. e3 O-O 9. Be2 dxc4 10. O-O Bd7 11. Bxc4 Bxc3 12. bxc3 Rfd8 13. Be2 Rab8 14. Rfd1 Be8 15. Qa3 Qe7 16. Qb2 Na5 17. Qb4 Nc6 18. Qb1 Na5 19. Qe4 Bc6 20. Qf4 Bxf3 21. Bxf3 Qd6 22. Qe4 c5 23. h4 Rbc8 24. h5 b6 25. Qh4 cxd4 26. cxd4 Nc4 27. a4 Rc7 28. Qe4 Rdc8 29. g3 Qe7 30. Ra2 Nd6 31. Qf4 Rc4 32. Kg2 Rb4 33. Rdd2 Rbc4 34. Kh2 Kf8 35. Be2 Rc1 36. Ba6 R8c3 37. Qe5 f6 38. Qf4 Qd7 39. Be2 Ke7 40. Qg4 Nf7 41. d5 exd5 42. Qxg7 Qf5 43. Bg4 Qe4 44. Bd1 Rd3 45. Qg4 Ne5 46. Qxe4 dxe4 47. Be2 Rxd2 48. Rxd2 Ra1 49. Bd1 Rxa4 50. g4 Rb4 51. Kg3 Nf7 52. Rc2 Kd7 53. Rd2+ Nd6 54. Kf4 Ke6 55. Rc2 a5 56. Rc7 a4 57. Bc2 b5 58. Bd1 Rb1 59. Bc2 Rb2 60. f3 a3 0-1

[Event "Chinese Team-ch Men 2025"]
[Site "Zhang Jiakou Hebei"]
[Date "2025.05.01"]
[Round "7.8"]
[White "Zhang, Zhi"]
[Black "Xi, Qi"]
[Result "0-1"]
[Annotator "ChessBase"]
[ECO "A07"]
[WhiteElo "2167"]
[BlackElo "2257"]
[PlyCount "134"]
[EventDate "2025.04.26"]
[EventType "team-tourn"]
[EventCountry "CHN"]
[SourceTitle "playchess.com"]
[Source "ChessBase"]
[SourceQuality "1"]
[TimeControl "5400+30"]

1. Nf3 d5 2. g3 Nf6 3. Bg2 c6 4. d3 Bg4 5. O-O Nbd7 6. h3 Bh5 7. Qe1 e5 8. e4 dxe4 9. dxe4 Bc5 10. b4 Bd6 11. Nh4 O-O 12. Nf5 Bc7 13. a4 a5 14. b5 Bb6 15. Na3 cxb5 16. Nxb5 Bc5 17. Bd2 b6 18. g4 Bg6 19. Qe2 Re8 20. Rad1 Qb8 21. h4 h5 22. g5 Ng4 23. Qf3 Nf8 24. Bh3 Bxf5 25. Qxf5 Ng6 26. Qf3 Nxh4 27. Qg3 Ng6 28. Bxg4 hxg4 29. Qxg4 Qc8 30. Qxc8 Raxc8 31. Kg2 Be7 32. c3 Rc4 33. f3 Rxa4 34. Nc7 Rc8 35. Nd5 Bc5 36. Ra1 Rxa1 37. Rxa1 Ne7 38. Kf1 Nxd5 39. exd5 Kf8 40. Ke2 Ke7 41. Rh1 a4 42. Kd3 Kd6 43. Ke4 a3 44. c4 Ra8 45. f4 Re8 46. Kf5 b5 47. cxb5 Kxd5 48. Ra1 e4 49. Bc3 g6+ 50. Kf6 Re7 51. f5 gxf5 52. Kxf5 e3 53. Bf6 Rb7 54. Rd1+ Kc4 55. Ke4 Rxb5 56. Rc1+ Kb3 57. Kd3 Bb6 58. Rb1+ Ka4 59. Rh1 Rd5+ 60. Kc4 Rd7 61. Rh4 Rc7+ 62. Kd3+ Kb3 63. Rh8 Rd7+ 64. Ke2 Rd2+ 65. Ke1 Ba5 66. Rb8+ Ka4 67. Ra8 Rc2+ 0-1

[Event "Chinese Team-ch Men 2025"]
[Site "Zhang Jiakou Hebei"]
[Date "2025.05.01"]
[Round "7.9"]
[White "Yu, Shaoteng"]
[Black "Xu, Yi"]
[Result "1/2-1/2"]
[Annotator "ChessBase"]
[ECO "C42"]
[WhiteElo "2480"]
[BlackElo "2480"]
[PlyCount "61"]
[EventDate "2025.04.26"]
[EventType "team-tourn"]
[EventCountry "CHN"]
[SourceTitle "playchess.com"]
[Source "ChessBase"]
[SourceQuality "1"]
[TimeControl "5400+30"]

1. e4 e5 2. Nf3 Nf6 3. Nxe5 d6 4. Nf3 Nxe4 5. d4 d5 6. Bd3 Bf5 7. O-O Be7 8. Re1 O-O 9. c4 Nc6 10. cxd5 Qxd5 11. Bxe4 Bxe4 12. Nc3 Bxf3 13. Nxd5 Bxd1 14. Nxe7+ Nxe7 15. Rxe7 Rfe8 16. Rxe8+ Rxe8 17. Be3 Bg4 18. d5 Re5 19. Rc1 Rxd5 20. f3 Be6 21. Rxc7 Rb5 22. b3 a5 23. Rc5 Rxc5 24. Bxc5 a4 25. bxa4 Bxa2 26. Kf2 f6 27. Ke3 Bb3 28. a5 Bc4 29. Kd4 Bf1 30. g3 Kf7 31. Ke4 1/2-1/2

[Event "Chinese Team-ch Men 2025"]
[Site "Zhang Jiakou Hebei"]
[Date "2025.05.01"]
[Round "7.10"]
[White "Lou, Yiping"]
[Black "Jiang, Haochen"]
[Result "1/2-1/2"]
[Annotator "ChessBase"]
[ECO "A33"]
[WhiteElo "2464"]
[BlackElo "2441"]
[PlyCount "60"]
[EventDate "2025.04.26"]
[EventType "team-tourn"]
[EventCountry "CHN"]
[SourceTitle "playchess.com"]
[Source "ChessBase"]
[SourceQuality "1"]
[TimeControl "5400+30"]

1. Nf3 Nf6 2. c4 c5 3. Nc3 Nc6 4. d4 cxd4 5. Nxd4 e6 6. a3 Bc5 7. Nb3 Bb6 8. Bf4 e5 9. Bg3 d6 10. e3 O-O 11. Bh4 h6 12. Bxf6 Qxf6 13. Be2 Be6 14. O-O Rfd8 15. Nd5 Bxd5 16. Qxd5 Qe6 17. Rfd1 Qxd5 18. Rxd5 Ne7 19. Rd2 d5 20. cxd5 Rxd5 21. Rad1 Rxd2 22. Rxd2 Rc8 23. g4 g6 24. Bf3 Rc7 25. Rd8+ Kg7 26. Rb8 Nc6 27. Re8 f5 28. gxf5 gxf5 29. Bxc6 Rxc6 30. Rxe5 f4 1/2-1/2

[Event "Chinese Team-ch Men 2025"]
[Site "Zhang Jiakou Hebei"]
[Date "2025.05.01"]
[Round "7.11"]
[White "Chen, KaiLin"]
[Black "Meng, Yihan"]
[Result "1/2-1/2"]
[Annotator "ChessBase"]
[ECO "C43"]
[WhiteElo "2329"]
[BlackElo "2433"]
[PlyCount "72"]
[EventDate "2025.04.26"]
[EventType "team-tourn"]
[EventCountry "CHN"]
[SourceTitle "playchess.com"]
[Source "ChessBase"]
[SourceQuality "1"]
[TimeControl "5400+30"]

1. e4 e5 2. Nf3 Nf6 3. d4 Nxe4 4. Bd3 d5 5. Nxe5 Nd7 6. Nxd7 Bxd7 7. O-O Bd6 8. c4 O-O 9. cxd5 f5 10. Nc3 Qf6 11. Qc2 Rae8 12. Nxe4 fxe4 13. Bxe4 Bxh2+ 14. Kxh2 Qh4+ 15. Kg1 Qxe4 16. Qxe4 Re7 17. Qe6+ Rxe6 18. Be3 Re4 19. Rfe1 c6 20. f3 cxd5 21. Bd2 Re6 22. Kf2 Rfe8 23. Re5 Bb5 24. Rxe6 Rxe6 25. Re1 Kf7 26. Rxe6 Kxe6 27. Ke3 h5 28. g3 Kf5 29. Bb4 g5 30. Be7 a6 31. a3 Bc4 32. b4 b5 33. Bd8 Bb3 34. Be7 Bc4 35. Bd8 Bb3 36. Be7 Bc4 1/2-1/2

[Event "Chinese Team-ch Men 2025"]
[Site "Zhang Jiakou Hebei"]
[Date "2025.05.01"]
[Round "7.12"]
[White "Gong, Sunle"]
[Black "Yu, Kaifeng"]
[Result "0-1"]
[Annotator "ChessBase"]
[ECO "D35"]
[WhiteElo "2410"]
[BlackElo "2312"]
[PlyCount "100"]
[EventDate "2025.04.26"]
[EventType "team-tourn"]
[EventCountry "CHN"]
[SourceTitle "playchess.com"]
[Source "ChessBase"]
[SourceQuality "1"]
[TimeControl "5400+30"]

1. d4 Nf6 2. c4 e6 3. Nc3 d5 4. cxd5 exd5 5. Bg5 c6 6. e3 h6 7. Bh4 Be7 8. Bd3 O-O 9. Nge2 Re8 10. O-O Nbd7 11. f3 b5 12. Rc1 Bb7 13. Qd2 a6 14. Bf5 Nb6 15. b3 g6 16. Bh3 Bc8 17. Bxc8 Rxc8 18. Kh1 b4 19. Nd1 a5 20. Nf2 Nfd7 21. Bxe7 Qxe7 22. e4 dxe4 23. fxe4 h5 24. e5 c5 25. Nf4 cxd4 26. Rxc8 Rxc8 27. e6 fxe6 28. Qd3 Nf8 29. Nxg6 Qh7 30. Ne4 Qxg6 31. Nf6+ Kf7 32. Qxd4 Ke7 33. Qh4 Qd3 34. Nxh5+ Kd6 35. Ng3 Nfd7 36. Qf4+ e5 37. Qg4 Kc7 38. h4 Nd5 39. Rf3 N5f6 40. Qe6 Qd6 41. Qc4+ Qc6 42. Qe2 Rg8 43. Nf5 Rg4 44. g3 Re4 45. Qd3 Re1+ 46. Kh2 e4 47. Qd2 exf3 48. Nd4 Qe4 49. Nb5+ Kd8 50. Qg5 Qe2+ 0-1

[Event "Chinese Team-ch Men 2025"]
[Site "Zhang Jiakou Hebei"]
[Date "2025.05.01"]
[Round "7.13"]
[White "Xu, Xiangyu"]
[Black "Bai, Jinshi"]
[Result "1/2-1/2"]
[Annotator "ChessBase"]
[ECO "D79"]
[WhiteElo "2623"]
[BlackElo "2569"]
[PlyCount "60"]
[EventDate "2025.04.26"]
[EventType "team-tourn"]
[EventCountry "CHN"]
[SourceTitle "playchess.com"]
[Source "ChessBase"]
[SourceQuality "1"]
[TimeControl "5400+30"]

1. Nf3 d5 2. g3 g6 3. Bg2 Bg7 4. d4 Nf6 5. O-O O-O 6. c4 c6 7. cxd5 cxd5 8. Nc3 Ne4 9. Ne5 Nxc3 10. bxc3 Nc6 11. Nxc6 bxc6 12. Qa4 Qb6 13. Ba3 Qa6 14. Qxa6 Bxa6 15. Rfb1 Bxe2 16. Bxe7 Rfb8 17. Bf1 Bxf1 18. Kxf1 Bf8 19. Bxf8 Kxf8 20. Rb3 Rb6 21. Rab1 Rab8 22. Ke2 Ke7 23. Kd3 Kd6 24. c4 dxc4+ 25. Kxc4 h5 26. h4 R8b7 27. R1b2 Rb8 28. Rb1 R8b7 29. R1b2 Rb8 30. Rb1 R8b7 1/2-1/2

[Event "Chinese Team-ch Men 2025"]
[Site "Zhang Jiakou Hebei"]
[Date "2025.05.01"]
[Round "7.14"]
[White "Kong, Xiangrui"]
[Black "Zhao, Yuanhe"]
[Result "1/2-1/2"]
[Annotator "ChessBase"]
[ECO "B30"]
[WhiteElo "2451"]
[BlackElo "2482"]
[PlyCount "63"]
[EventDate "2025.04.26"]
[EventType "team-tourn"]
[EventCountry "CHN"]
[SourceTitle "playchess.com"]
[Source "ChessBase"]
[SourceQuality "1"]
[TimeControl "5400+30"]

1. e4 c5 2. Nf3 Nc6 3. Bb5 e6 4. Bxc6 bxc6 5. d3 Ne7 6. Nbd2 Qc7 7. h4 e5 8. h5 d6 9. Nc4 h6 10. b3 Be6 11. Bb2 Ng8 12. Ne3 Be7 13. Qe2 Bg5 14. Nxg5 hxg5 15. O-O-O Nh6 16. g3 f6 17. Rdf1 Qd7 18. f4 O-O-O 19. fxg5 fxg5 20. Kb1 Rdf8 21. Bc1 Rf6 22. Rf2 Ng4 23. Nxg4 Bxg4 24. Qe1 Rxf2 25. Qxf2 Qe7 26. Qe3 Rxh5 27. Rxh5 Bxh5 28. Qxg5 Qxg5 29. Bd2 Qf4 30. Bxf4 Kd7 31. Bg5 a6 32. Kc1 1/2-1/2

[Event "Chinese Team-ch Men 2025"]
[Site "Zhang Jiakou Hebei"]
[Date "2025.05.01"]
[Round "7.15"]
[White "Jiang, Qinyu"]
[Black "Xie, Kaifan"]
[Result "1/2-1/2"]
[Annotator "ChessBase"]
[ECO "C88"]
[WhiteElo "2280"]
[BlackElo "2435"]
[PlyCount "36"]
[EventDate "2025.04.26"]
[EventType "team-tourn"]
[EventCountry "CHN"]
[SourceTitle "playchess.com"]
[Source "ChessBase"]
[SourceQuality "1"]
[TimeControl "5400+30"]

1. e4 e5 2. Nf3 Nc6 3. Bb5 a6 4. Ba4 Nf6 5. O-O Be7 6. Re1 b5 7. Bb3 O-O 8. h3 Bb7 9. d3 d5 10. exd5 Nxd5 11. a4 Ndb4 12. Nbd2 Na5 13. Nxe5 Nxb3 14. Nxb3 Qd5 15. Nf3 Qd7 16. Ne5 Qd5 17. Nf3 Qd7 18. Ne5 Qd5 1/2-1/2

[Event "Chinese Team-ch Men 2025"]
[Site "Zhang Jiakou Hebei"]
[Date "2025.05.01"]
[Round "7.16"]
[White "Zhu, Hengyi"]
[Black "Gong, Bonuonuo"]
[Result "1-0"]
[Annotator "ChessBase"]
[ECO "B07"]
[WhiteElo "2385"]
[BlackElo "1709"]
[PlyCount "37"]
[EventDate "2025.04.26"]
[EventType "team-tourn"]
[EventCountry "CHN"]
[SourceTitle "playchess.com"]
[Source "ChessBase"]
[SourceQuality "1"]
[TimeControl "5400+30"]

1. e4 d6 2. d4 Nf6 3. Nc3 g6 4. Be3 Bg7 5. Qd2 a6 6. Bh6 Bxh6 7. Qxh6 e5 8. Nf3 Nc6 9. Nd5 Nxd5 10. exd5 Nxd4 11. Nxd4 exd4 12. Qg7 Rf8 13. Qxd4 Qg5 14. f4 Qg4 15. Kf2 g5 16. Re1+ Kd7 17. g3 f6 18. Qe3 c5 19. Qe7# 1-0

[Event "Chinese Team-ch Men 2025"]
[Site "Zhang Jiakou Hebei"]
[Date "2025.05.01"]
[Round "7.17"]
[White "Wang, Yiye"]
[Black "Chen, Hongsen"]
[Result "1-0"]
[Annotator "ChessBase"]
[ECO "D34"]
[WhiteElo "2446"]
[BlackElo "2402"]
[PlyCount "143"]
[EventDate "2025.04.26"]
[EventType "team-tourn"]
[EventCountry "CHN"]
[SourceTitle "playchess.com"]
[Source "ChessBase"]
[SourceQuality "1"]
[TimeControl "5400+30"]

1. c4 e6 2. g3 d5 3. Bg2 Nf6 4. Nf3 c5 5. cxd5 exd5 6. d4 Nc6 7. Nc3 Be7 8. O-O O-O 9. dxc5 Bxc5 10. Na4 Be7 11. Nd4 Bg4 12. Be3 Qa5 13. Nc3 Rfd8 14. h3 Bh5 15. Rc1 Bg6 16. Qb3 Qb4 17. Qxb4 Bxb4 18. Ncb5 Ne7 19. a3 Ba5 20. Nb3 Bb6 21. Bxb6 axb6 22. Rc7 Rd7 23. Rxd7 Nxd7 24. Rc1 Kf8 25. Rc7 Ne5 26. Rxb7 Nc4 27. N3d4 Nxb2 28. Rxb6 Nc4 29. Rb7 Be4 30. a4 g6 31. Nc3 Bxg2 32. Kxg2 Rc8 33. Ncb5 Ra8 34. Nc3 Rc8 35. Ndb5 Na5 36. Ra7 Nb3 37. Rc7 Rxc7 38. Nxc7 d4 39. N3d5 Nc6 40. Na6 Ne5 41. Nab4 f5 42. Nd3 Nc4 43. Kf3 g5 44. g4 Nbd2+ 45. Kg2 f4 46. Nc5 Kf7 47. h4 h6 48. h5 Nb1 49. Ne4 Ke6 50. Nb4 Nc3 51. Nxc3 dxc3 52. Kf1 Kd6 53. Ke1 Ne5 54. f3 Kc5 55. Nc2 Kc4 56. Kd1 Nc6 57. Ne1 Nd4 58. Nd3 Nc6 59. Kc1 Kb3 60. Nc5+ Kb4 61. Nd3+ Kb3 62. Nc5+ Kb4 63. Ne4 Nd4 64. a5 Kxa5 65. Nxc3 Kb4 66. Kd2 Nb3+ 67. Kc2 Kc4 68. Ne4 Nd4+ 69. Kd2 Nb5 70. e3 Kd5 71. exf4 gxf4 72. Nc3+ 1-0

[Event "Chinese Team-ch Men 2025"]
[Site "Zhang Jiakou Hebei"]
[Date "2025.05.01"]
[Round "7.18"]
[White "Jin, Hongtao"]
[Black "Hou, Yifan b"]
[Result "1-0"]
[Annotator "ChessBase"]
[ECO "B42"]
[WhiteElo "2343"]
[BlackElo "2313"]
[PlyCount "59"]
[EventDate "2025.04.26"]
[EventType "team-tourn"]
[EventCountry "CHN"]
[SourceTitle "playchess.com"]
[Source "ChessBase"]
[SourceQuality "1"]
[TimeControl "5400+30"]

1. e4 c5 2. Nf3 e6 3. d4 cxd4 4. Nxd4 a6 5. Bd3 Bc5 6. Nb3 Ba7 7. Bf4 d6 8. Nc3 e5 9. Bg3 h5 10. h3 Be6 11. Qd2 Nc6 12. f4 h4 13. Bh2 Nf6 14. O-O-O Qe7 15. Be2 Bd4 16. Nxd4 exd4 17. Nd5 Nxd5 18. exd5 Bxd5 19. Rhe1 Qf6 20. Bf3+ Be6 21. Bg1 d3 22. Qxd3 Qxf4+ 23. Be3 Qa4 24. Qxd6 Nb4 25. Rd2 Qxa2 26. Kd1 Nxc2 27. Bc6+ bxc6 28. Qxc6+ Ke7 29. Bg5+ f6 30. Rd7+ 1-0

[Event "Chinese Team-ch Men 2025"]
[Site "Zhang Jiakou Hebei"]
[Date "2025.05.01"]
[Round "7.19"]
[White "Fan, Huifeng"]
[Black "Yang, ZiLong"]
[Result "0-1"]
[Annotator "ChessBase"]
[ECO "B22"]
[WhiteElo "2178"]
[BlackElo "2337"]
[PlyCount "174"]
[EventDate "2025.04.26"]
[EventType "team-tourn"]
[EventCountry "CHN"]
[SourceTitle "playchess.com"]
[Source "ChessBase"]
[SourceQuality "1"]
[TimeControl "5400+30"]

1. e4 c5 2. Nf3 e6 3. c3 d5 4. exd5 Qxd5 5. d4 Nf6 6. Na3 Nc6 7. Be3 cxd4 8. Nb5 Qd8 9. Nbxd4 Nd5 10. Nxc6 bxc6 11. Bd2 Bc5 12. Bd3 O-O 13. O-O a5 14. Qe2 Qc7 15. Ng5 h6 16. c4 Nf6 17. Nf3 e5 18. Bc3 Re8 19. Bxe5 Bd6 20. Bxd6 Qxd6 21. Qd2 Qc5 22. Rfe1 Bg4 23. Re3 Bxf3 24. Rxf3 Rad8 25. Re1 Re5 26. h3 Rd4 27. Rxe5 Qxe5 28. Re3 Qd6 29. Qe2 g6 30. Qc2 c5 31. Be2 Rd2 32. Qc3 Qd4 33. Qxa5 Qxb2 34. Bf3 Qa1+ 35. Kh2 Qd4 36. Qc3 Qxc3 37. Rxc3 Rxa2 38. Kg3 Kf8 39. Rd3 Rc2 40. Bd5 Nxd5 41. cxd5 Ke7 42. d6+ Kd7 43. Rf3 f5 44. Ra3 Rd2 45. Ra7+ Ke6 46. Rg7 g5 47. Rg6+ Ke5 48. Rxh6 Rd3+ 49. f3 c4 50. Rh8 Rxd6 51. Rc8 Rd4 52. Kf2 Rd2+ 53. Ke3 Rxg2 54. Rxc4 f4+ 55. Kd3 Rf2 56. Rc5+ Kf6 57. Rc6+ Kf5 58. Rc5+ Kg6 59. Rc6+ Kh5 60. Ke4 Re2+ 61. Kf5 Re8 62. Rc7 Rf8+ 63. Ke4 Re8+ 64. Kf5 Rf8+ 65. Ke4 Rh8 66. Rc1 Ra8 67. Rc7 Ra4+ 68. Kf5 Ra5+ 69. Ke4 Kh4 70. Rh7+ Kg3 71. Rh5 Ra4+ 72. Kd3 Ra5 73. Ke4 Ra4+ 74. Kd3 Kxf3 75. Rxg5 Ra8 76. Rd5 Rh8 77. Kd2 Rxh3 78. Ke1 Rh1+ 79. Kd2 Kf2 80. Rf5 f3 81. Kd3 Rh8 82. Ke4 Re8+ 83. Kf4 Ke2 84. Kg3 Rg8+ 85. Kh3 f2 86. Re5+ Kf1 87. Rf5 Kg1 0-1

[Event "Chinese Team-ch Men 2025"]
[Site "Zhang Jiakou Hebei"]
[Date "2025.05.01"]
[Round "7.20"]
[White "Yu, Zechen"]
[Black "Qu, Yanqiao"]
[Result "1-0"]
[Annotator "ChessBase"]
[ECO "C43"]
[WhiteElo "2116"]
[BlackElo "1969"]
[PlyCount "103"]
[EventDate "2025.04.26"]
[EventType "team-tourn"]
[EventCountry "CHN"]
[SourceTitle "playchess.com"]
[Source "ChessBase"]
[SourceQuality "1"]
[TimeControl "5400+30"]

1. e4 e5 2. Nf3 Nf6 3. d4 Nxe4 4. Bd3 d5 5. Nxe5 Nd7 6. Nxd7 Bxd7 7. O-O Bd6 8. Nc3 Nxc3 9. bxc3 O-O 10. Qh5 f5 11. Re1 Qf6 12. Bg5 Qf7 13. Qxf7+ Kxf7 14. c4 dxc4 15. Bxc4+ Kg6 16. Be7 Rfe8 17. Bxd6 cxd6 18. Bd5 Bc6 19. Be6 Kf6 20. d5 Ba4 21. c4 Re7 22. Rac1 b6 23. Re3 g6 24. Kf1 Rc7 25. Ke2 Re8 26. Kd3 Ree7 27. Kd4 Rc5 28. g4 fxg4 29. Bxg4 Rcc7 30. Be6 Kg7 31. Rce1 b5 32. Rc1 Rc5 33. Rec3 b4 34. Re3 Rec7 35. Bg4 Bb5 36. Be2 Rf7 37. f3 Bd7 38. a3 Rf4+ 39. Re4 Rxe4+ 40. fxe4 bxa3 41. e5 Ra5 42. exd6 Bf5 43. Bd3 Kf7 44. Bxf5 gxf5 45. c5 a2 46. Ra1 Ke8 47. c6 Kd8 48. Ke5 Ra3 49. Ke6 f4 50. c7+ Kc8 51. d7+ Kxc7 52. Rc1+ 1-0

[Event "Chinese Team-ch Men 2025"]
[Site "Zhang Jiakou Hebei"]
[Date "2025.05.01"]
[Round "7.21"]
[White "Xu, Minghui"]
[Black "Cao, Qingfeng"]
[Result "1/2-1/2"]
[Annotator "ChessBase"]
[ECO "B11"]
[WhiteElo "2459"]
[BlackElo "2443"]
[PlyCount "65"]
[EventDate "2025.04.26"]
[EventType "team-tourn"]
[EventCountry "CHN"]
[SourceTitle "playchess.com"]
[Source "ChessBase"]
[SourceQuality "1"]
[TimeControl "5400+30"]

1. e4 c6 2. Nf3 d5 3. Nc3 Bg4 4. h3 Bxf3 5. Qxf3 e6 6. Be2 Bc5 7. Qg3 Bd4 8. d3 Nd7 9. Bd1 Ne7 10. Ne2 Bb6 11. O-O O-O 12. c3 Bc7 13. f4 f5 14. Nd4 Bb6 15. Be3 fxe4 16. dxe4 dxe4 17. Bg4 Nf6 18. Bxe6+ Kh8 19. f5 Nfd5 20. Rae1 Nxe3 21. Qxe3 c5 22. Nc2 c4 23. Nd4 Qd6 24. Qxe4 Nc6 25. Kh1 Nxd4 26. cxd4 Rae8 27. Qe5 Qd8 28. Qd5 Qf6 29. Qxc4 Bxd4 30. b4 b6 31. Re4 Be5 32. Rd1 Bb8 33. Rf1 1/2-1/2

[Event "Chinese Team-ch Men 2025"]
[Site "Zhang Jiakou Hebei"]
[Date "2025.05.01"]
[Round "7.22"]
[White "Dong, Hongfu"]
[Black "Chen, Yuan"]
[Result "1/2-1/2"]
[Annotator "ChessBase"]
[ECO "B45"]
[WhiteElo "2238"]
[BlackElo "2286"]
[PlyCount "104"]
[EventDate "2025.04.26"]
[EventType "team-tourn"]
[EventCountry "CHN"]
[SourceTitle "playchess.com"]
[Source "ChessBase"]
[SourceQuality "1"]
[TimeControl "5400+30"]

1. e4 c5 2. Nf3 e6 3. d4 cxd4 4. Nxd4 Nc6 5. Nc3 Bc5 6. Nb3 Bb4 7. Bd3 Nge7 8. O-O O-O 9. Bd2 d5 10. exd5 Nxd5 11. Qh5 g6 12. Qe2 Nxc3 13. bxc3 Bd6 14. Rad1 Qc7 15. h4 Bh2+ 16. Kh1 Be5 17. Bh6 Re8 18. Nd4 Nxd4 19. cxd4 Bf4 20. Bg5 Bxg5 21. hxg5 Bd7 22. f4 Bc6 23. Qe5 Rac8 24. c4 Red8 25. Bc2 Qxe5 26. dxe5 Kf8 27. Kg1 Ke7 28. Rxd8 Rxd8 29. Rd1 Rxd1+ 30. Bxd1 Kd7 31. Kf2 Kc7 32. Ke3 Bxg2 33. Kd4 Kb6 34. a3 Bc6 35. Bb3 Kc7 36. Bc2 b6 37. Kc3 Kd8 38. c5 Kc7 39. cxb6+ Kxb6 40. Kb4 a5+ 41. Kc4 Bd5+ 42. Kd4 Bc6 43. Kc4 Bb5+ 44. Kd4 Bd7 45. Bd1 Be8 46. Bc2 Kb5 47. Bd1 Kb6 48. Bc2 Bc6 49. Bd1 Be8 50. Bc2 Bc6 51. Bd1 Be8 52. Bc2 Bc6 1/2-1/2

[Event "Chinese Team-ch Men 2025"]
[Site "Zhang Jiakou Hebei"]
[Date "2025.05.01"]
[Round "7.23"]
[White "Chen, Zhi"]
[Black "Xia, Jinnan"]
[Result "1/2-1/2"]
[Annotator "NA"]
[ECO "E07"]
[WhiteElo "2094"]
[BlackElo "1959"]
[PlyCount "122"]
[EventDate "2025.04.26"]
[EventType "team-tourn"]
[EventCountry "CHN"]
[SourceTitle "playchess.com"]
[Source "ChessBase"]
[SourceQuality "1"]
[TimeControl "5400+30"]

1. Nf3 Nf6 2. g3 d5 3. Bg2 c6 4. c4 e6 5. b3 Be7 6. Bb2 O-O 7. O-O b6 8. d4 Bb7 9. Nbd2 Nbd7 10. Ne5 Rc8 11. Rc1 c5 12. e3 cxd4 13. exd4 Rc7 14. Qe2 Qb8 15. cxd5 Bxd5 16. Nc6 Rxc6 17. Rxc6 Bxc6 18. Bxc6 Rc8 19. Bxd7 Nxd7 20. d5 Qd6 21. Ne4 Qxd5 22. Rd1 Qc6 23. Qg4 g6 24. Qf4 f6 25. Rc1 Qb7 26. Rxc8+ Qxc8 27. Bxf6 Nxf6 28. Nxf6+ Bxf6 29. Qxf6 Qc1+ 30. Kg2 Qc6+ 31. Qf3 Qd7 32. g4 Kg7 33. Qc3+ Kg8 34. Qf6 Qf7 35. Qe5 Qd7 36. Kg3 Kf7 37. Qh8 Qd3+ 38. Kh4 h5 39. Kg5 Qd5+ 40. Kh6 hxg4 41. Qg7+ Ke8 42. Qxg6+ Kd7 43. Qxg4 Qd2+ 44. Kg7 Qxf2 45. h4 Qf5 46. Qa4+ Kd6 47. Qa3+ Kc6 48. Qxa7 Qg4+ 49. Kf7 Qf5+ 50. Ke8 Qh5+ 51. Qf7 Qh8+ 52. Ke7 Qxh4+ 53. Kxe6 Qe4+ 54. Kf6 Qd4+ 55. Kg6 Qg1+ 56. Kf5 Qf2+ 57. Ke6 Qe2+ 58. Kf6 Qxa2 59. Qc4+ Kb7 60. Ke6 Qd2 61. b4 Qe3+ 1/2-1/2